 Dungeon Crawl Stone Soup version 0.31-a0-1603-gbec6b6ccbf (webtiles) character file.

Game seed: 18438672483889820686

174 whatisthis the Trooper (level 5, -3/59 HPs)
             Began as an Oni Monk on Jan 8, 2024.
             Killed from afar by Blork the orc (10 damage)
             ... with a puff of frost
             ... on level 4 of the Dungeon.
             The game lasted 00:03:48 (2519 turns).

whatisthis the Trooper (Oni Monk)                   Turns: 2519, Time: 00:03:49

Health: -3/59      AC:  3    Str: 17    XL:     5   Next: 54%
Magic:  5/5        EV: 10    Int: 11    God:
Gold:   150        SH:  0    Dex: 11    Spells: 4/4 levels left

rFire   . . .        w - +0 trident
rCold   . . .        d - orb {light}
rNeg    . . .        b - +0 robe
rPois   .            (helmet restricted)
rElec   .            (no cloak)
rCorr   .            (gloves unavailable)
SInv    .            (boots unavailable)
Will    .....        (no amulet)
Stlth   +            (no ring)
HPRegen 0.29/turn    (no ring)
MPRegen 0.09/turn

%: no passive effects
@: glowing
A: large, unfitting armour, horns 1, tough skin 1, double potion healing,
drunken brawling
a: no special abilities


You were on level 4 of the Dungeon.
You visited 1 branch of the dungeon, and saw 4 of its levels.

You collected 150 gold pieces.

Inventory:

Hand Weapons
 a - a +0 spear
 t - a +1 short sword of venom
 w - a +0 trident (weapon)
Missiles
 l - 4 large rocks
 u - 4 poisoned darts
Armour
 b - a +0 robe (worn)
 d - an orb of light (worn)
Scrolls
 e - 2 scrolls of amnesia {unknown}
 h - a scroll of enchant armour {unknown}
 k - a scroll of brand weapon {unknown}
 m - 2 scrolls of teleportation {unknown}
 n - a scroll of acquirement {unknown}
 o - a scroll of poison {unknown}
 p - a scroll of fog {unknown}
 q - a scroll of noise {unknown}
 r - a scroll of fear {unknown}
 v - 2 scrolls of identify {unknown}
Potions
 c - a potion of ambrosia
 f - a potion of might {unknown}
 g - 2 potions of curing {unknown}
 i - a potion of cancellation {unknown}
 j - 2 potions of haste {unknown}
 s - a potion of degeneration {unknown}
 x - a potion of enlightenment {unknown}


   Skills:
 + Level 5.7 Fighting
 + Level 4.2 Polearms
 + Level 3.8 Dodging


You had 4 spell levels left.
You didn't know any spells.
Your spell library contained the following spells:

 Spells                   Type           Power      Damage    Failure   Level
 Sting                    Conj/Alch      0%         1d3       34%         1
 Dazzling Flash           Conj/Hex       0%         N/A       71%         3
 Mephitic Cloud           Conj/Alch/Air  0%         N/A       71%         3
 Animate Dead             Necr           0%         N/A       98%         4
 Curse of Agony           Necr           0%         N/A       100%        5
 Silence                  Hex/Air        0%         N/A       100%        5
 Haunt                    Necr/Summ      0%         N/A       100%        7
 Infestation              Necr           0%         N/A       100%        8


Dungeon Overview and Level Annotations

Branches:
Dungeon (4/15)
 Temple: D:4-7

Altars:

Annotations:
D:4 Blork the orc


Innate Abilities, Weirdness & Mutations

You are too large for most types of armour.
You have a pair of small horns on your head.
You have tough skin. (AC +1)
You gain doubled healing and magic from potions.
Whenever you drink a healing potion, you attack all around you.


Message History

You headbutt the howler monkey, but do no damage.
The howler monkey is almost dead.
The howler monkey hits you.
You hit the howler monkey. You headbutt the howler monkey.
You kill the howler monkey!
You puncture the orc!
You kill the orc!
Blork the orc comes into view.
He is wielding a +0 scimitar.
Blork the orc shouts!
Items here: ) [ ††.
A hobgoblin comes into view.
Sorry, you're not good enough to have a special ability.
Unknown command.
The hobgoblin shouts!
Blork the orc points at you and mumbles some strange words.
The puff of flame hits you!
You hit Blork the orc. You headbutt Blork the orc.
Blork the orc is moderately wounded.
Blork the orc hits you with a +0 scimitar!
You hit Blork the orc.
Blork the orc is moderately wounded.
Blork the orc hits you with a +0 scimitar!
You barely miss Blork the orc.
Blork the orc is moderately wounded.
Blork the orc points at you and mumbles some strange words.
The puff of frost hits you.
You hit Blork the orc but do no damage.
Blork the orc is moderately wounded.
Blork the orc points at you and mumbles some strange words.
The puff of flame hits you!
You puncture Blork the orc! You headbutt Blork the orc!
Blork the orc is almost dead.
Blork the orc hits you with a +0 scimitar!
* * * LOW HITPOINT WARNING * * *
You barely miss Blork the orc.
You headbutt Blork the orc, but do no damage.
Blork the orc is almost dead.
Blork the orc points at you and mumbles some strange words.
The puff of frost hits you!
You die...

... ..# ##.. ... .#...##.###
#......... .........#
.........####.# #. #..........#
#. #.#...############## ##.
#.#.)go@.........<.# ..
#.##..##########...# #..
#####.##..# ####...####
#.###<........# ##.........#
##.........###.)...............#
.......##### #########.........#
....#### ####...##.# ....#
#...##.# ....# #...##>#


You could see Blork the orc and a hobgoblin.

Vanquished Creatures
  A howler monkey (D:4)
  A bombardier beetle (D:4)
  An orc wizard (D:3)
  2 adders
  A ribbon worm (D:3)
  2 dart slugs
  3 orcs
  6 ball pythons
  3 endoplasms (D:2)
  A giant cockroach (D:3)
  7 goblins
  3 hobgoblins (D:1)
  3 jackals (D:1)
  4 quokkas
  2 frilled lizards
  5 kobolds
  5 rats
50 creatures vanquished.

Notes
Turn   | Place    | Note
-------+----------+-------------------------------------------
     0 | D:1      | whatisthis the Oni Monk began the quest for the Orb.
     0 | D:1      | Reached XP level 1. HP: 24/24 MP: 1/1
    60 | D:1      | Reached XP level 2. HP: 32/32 MP: 2/2
   577 | D:1      | Reached XP level 3. HP: 38/40 MP: 3/3
   716 | D:2      | Found a faded altar of an unknown god.
   779 | D:2      | Got Plato's Disquisition on the Adder
  1744 | D:3      | Reached skill level 5 in Fighting
  1744 | D:3      | Reached XP level 4. HP: 49/50 MP: 4/4
  2323 | D:4      | Reached XP level 5. HP: 39/57 MP: 5/5
  2508 | D:4      | Noticed Blork the orc
  2519 | D:4      | Killed from afar by Blork the orc

Illustrated notes

Levels and vault maps discovered:
D:1:      dpeg_arrival_simpleton_b, layout_basic
D:2:      layout_basic, shapermc_ecumenical_altar_rom_forum,
          minmay_misc_feat_rugged
D:3:      layout_basic
D:4:      layout_loops_ring, uniq_crazy_yiuf_cottage, uniq_blork_the_orc

Skill      XL: |  1  2  3  4 |
---------------+-------------+-----
Dodging        | 3 |  3.8
Fighting       | 5 |  5.7
Polearms       | 4 |  4.2

Action                     |  1- 3 |  4- 6 || total
---------------------------+-------+-------++-------
  Melee: Spear             |    93 |    25 ||   118
         Headbutt          |    11 |    15 ||    26
         Trident           |       |    19 ||    19
 Armour: Robe              |    42 |    28 ||    70
  Dodge: Dodged            |    46 |    14 ||    60

Table legend: (Time is in decaauts)
 A = Elapsed time spent in this place.
 B = Non-inter-level travel time spent in this place.
 C = Inter-level travel time spent in this place.
 D = Time resting spent in this place.
 E = Time spent auto-exploring this place.
 F = Levels seen in this place.
 G = Mean time per level.
                   A        B        C        D        E       F      G
               +--------+--------+--------+--------+--------+-----+--------+
         Total |   2511 |   2401 |    110 |     72 |   1858 |   4 |  627.8 |
       Dungeon |   2511 |   2401 |    110 |     72 |   1858 |   4 |  627.8 |
               +--------+--------+--------+--------+--------+-----+--------+

Top non-repeatable levels by time:
     D:3: 815 daAuts
     D:2: 768 daAuts
     D:1: 687 daAuts
     D:4: 240 daAuts
